 Dungeon Crawl Stone Soup version 0.26.0-10-g1f06aea511 (webtiles) character file.

Game seed: 11725632050768712766

195 sanka the Caller (level 5, -12/38 HPs)
             Began as a Ghoul Hedge Wizard on Jan 17, 2021.
             Mangled by Ijyb
             ... wielding a +3 dagger of electrocution
              (19 damage)
             ... on level 3 of the Dungeon.
             The game lasted 00:05:35 (4109 turns).

sanka the Caller (Ghoul Hedge Wizard)               Turns: 4109, Time: 00:05:35

Health: -12/38     AC:  3    Str: 14    XL:     5   Next: 74%
Magic:  1/8        EV: 12    Int: 10    God:
Gold:   129        SH:  0    Dex:  8    Spells: 7/10 levels left

rFire    . . .     SeeInvis .   a - +0 whip (elec)
rCold    + . .     Faith    .   (no shield)
rNeg     + + +     Spirit   .   b - +0 robe
rPois    ∞         Reflect  .   i - +0 helmet
rElec    .         Harm     .   (no cloak)
rCorr    .         Rampage  .   (no gloves)
Will     .....                  (no boots)
Stlth    ++........             (no amulet)
HPRegen  0.00/turn              (no ring)
MPRegen  0.11/turn              (no ring)

@: no status effects
A: claws 1, cold resistance 1, negative energy resistance 3, inhibited
regeneration, torment resistance, unbreathing
a: no special abilities


You were on level 3 of the Dungeon.
You visited 1 branch of the dungeon, and saw 3 of its levels.

You collected 129 gold pieces.


Innate Abilities, Weirdness & Mutations

You thrive by killing the living.
You are immune to poison.
You have sharp fingernails.
Your flesh is cold resistant. (rC+)
You are immune to negative energy. (rN+++)
You do not regenerate when monsters are visible.
You are immune to unholy pain and torment.
You can survive without breathing.


   Skills:
 - Level 1.7 Dodging
 - Level 2.1 Stealth
 - Level 3.0 Spellcasting
 - Level 2.0 Conjurations
 + Level 4.2 Summonings
 - Level 0.8 Translocations


You had 7 spell levels left.
You knew the following spells:

 Your Spells              Type           Power        Failure   Level
x - Call Imp              Summ           9%           8%          2
z - Magic Dart            Conj           20%          12%         1

Your spell library contained the following spells:

 Spells                   Type           Power        Failure   Level
 Blink                    Tloc           N/A          30%         2
 Slow                     Hex            1%           38%         2
 Conjure Flame            Conj/Fire      3%           50%         3
 Mephitic Cloud           Conj/Pois/Air  2%           54%         3

Inventory:

Hand Weapons
 a - a +0 whip of electrocution (weapon)
 j - a +0 dagger
Armour
 b - a +0 robe (worn)
 c - a +0 hat
 i - a +0 helmet (worn)
Scrolls
 d - a scroll of immolation {unknown}
 e - 3 scrolls of teleportation {unknown}
 g - 2 scrolls of remove curse {unknown}
 k - 2 scrolls of fear {unknown}
 l - 2 scrolls of identify {unknown}
 m - 2 scrolls of magic mapping {unknown}
 n - a scroll of blinking {unknown}
 o - a scroll of enchant armour {unknown}
 q - a scroll of amnesia {unknown}
Potions
 f - a potion of brilliance {unknown}
 h - a potion of magic {unknown}
 p - a potion of curing {unknown}
 r - a potion of heal wounds {unknown}

Dungeon Overview and Level Annotations

Branches:
Dungeon (3/15)

Altars:

Annotations:
D:3 Ijyb

.......▒...▒▒▒▒...▒▒.▒.▒
..............'.......>▒▒▒▒▒▒▒▒▒
.......▒...▒▒▒▒...▒▒▒....).....▒
.......▒...▒ ▒... ▒..▒▒▒▒▒▒▒.▒
.......▒...▒ ▒.. ▒...▒ ▒.▒
.......▒...▒ ▒.▒ ▒...▒ ▒.▒
.......▒▒▒▒▒ ▒▒.▒▒▒▒▒...▒ ▒.▒▒
.......▒ ▒.g..5.....▒ ▒...
▒▒▒▒▒▒▒▒ ▒55n▒▒▒▒▒..▒ ▒... ▒...▒
▒..▒ ▒... ▒...▒ ▒▒▒..▒ ▒..▒
▒...▒ ▒....▒▒ ▒..▒ ▒...▒
▒.....▒▒▒▒▒▒.. ▒...▒
▒.[..........▒ ▒▒▒▒▒ ▒...▒
▒......▒▒▒▒..▒ ....▒ ▒...▒
▒......▒▒ ▒... ....▒ ▒...▒
▒.......▒ ▒...


You could see Ijyb, a friendly crimson imp (summoned) and 2 friendly white imps.


Message History

You are very lightly contaminated with residual magic.
Nothing appears to happen.
Ijyb hits you with a +3 dagger of electrocution.
Ijyb zaps a wand.
The puff of flame hits you!
Your crimson imp hits Ijyb but does no damage.
A beastly little devil appears in a puff of frigid air.
Your crimson imp hits Ijyb.
A beastly little devil appears in a puff of frigid air.
Your crimson imp hits Ijyb but does no damage.
Ijyb hits your crimson imp but does no damage.
Lightning courses through your crimson imp!
Your magical contamination has completely faded away.
Ijyb hits your white imp but does no damage.
Your white imp gestures at Ijyb.
The puff of frost hits Ijyb.
Your white imp barely misses Ijyb.
You don't have enough magic to cast that spell.
Ijyb hits you with a +3 dagger of electrocution.
You are electrocuted!
* * * LOW HITPOINT WARNING * * *
Your white imp gestures at Ijyb.
The puff of frost hits Ijyb.
Your white imp closely misses Ijyb.
You barely miss Ijyb.
Ijyb is heavily wounded.
Ijyb hits you but does no damage.
You are electrocuted!!
Ouch! That really hurt!
You die...

Action                   |  1- 3 |  4- 6 || total
-------------------------+-------+-------++-------
Melee: Unarmed           |    16 |       ||    16
       Dagger            |     5 |       ||     5
       Whip              |    24 |   182 ||   206
 Cast: Magic Dart        |    51 |    32 ||    83
       Call Imp          |       |    13 ||    13
Armor: Robe              |     8 |    41 ||    49
Dodge: Dodged            |    39 |   124 ||   163

Levels and vault maps discovered:
D:1:      dpeg_arrival_three_same_balls, layout_basic
D:2:      layout_rooms
D:3:      layout_basic, minmay_ruptured, uniq_ijyb

Notes
Turn   | Place    | Note
-------+----------+-------------------------------------------
     0 | D:1      | sanka the Ghoul Hedge Wizard began the quest for the Orb.
     0 | D:1      | Reached XP level 1. HP: 14/14 MP: 3/3
   371 | D:1      | Reached skill level 3 in Spellcasting
   435 | D:1      | Reached skill level 1 in Conjurations
   435 | D:1      | Reached XP level 2. HP: 17/20 MP: 0/5
   487 | D:1      | Learned a level 2 spell: Call Imp
  1052 | D:1      | Reached skill level 1 in Summonings
  1214 | D:2      | Reached XP level 3. HP: 22/26 MP: 6/6
  1324 | D:2      | Reached skill level 2 in Conjurations
  1779 | D:2      | Reached skill level 2 in Summonings
  1874 | D:2      | Reached XP level 4. HP: 33/33 MP: 1/7
  2323 | D:2      | Reached skill level 3 in Summonings
  2538 | D:3      | Reached XP level 5. HP: 20/38 MP: 6/8
  3487 | D:3      | Reached skill level 4 in Summonings
  3569 | D:3      | HP: 2/38 [kobold/+0 dagger (3)]
  4097 | D:3      | Noticed Ijyb
  4109 | D:3      | Mangled by Ijyb

Vanquished Creatures
  A hound (D:3)
  6 adders
  An ooze (D:2)
  3 worms
  3 dart slugs
  6 leopard geckos
  6 bats
  5 giant cockroaches
  5 goblins
  5 hobgoblins
  6 jackals
  A quokka (D:3)
  A ball python (D:2)
  8 frilled lizards
  7 kobolds
  7 rats
71 creatures vanquished.

Vanquished Creatures (collateral kills)
  A worker ant (D:3)
  An adder (D:3)
  A kobold (D:3)
3 creatures vanquished.

Grand Total: 74 creatures vanquished

Table legend: (Time is in decaauts)
 A = Elapsed time spent in this place.
 B = Non-inter-level travel time spent in this place.
 C = Inter-level travel time spent in this place.
 D = Time resting spent in this place.
 E = Time spent auto-exploring this place.
 F = Levels seen in this place.
 G = Mean time per level.
                   A        B        C        D        E       F      G
               +--------+--------+--------+--------+--------+-----+--------+
         Total |   4130 |   4028 |    102 |   2266 |   1153 |   3 | 1376.7 |
       Dungeon |   4130 |   4028 |    102 |   2266 |   1153 |   3 | 1376.7 |
               +--------+--------+--------+--------+--------+-----+--------+

Top non-repeatable levels by time:
     D:3: 1592 daAuts
     D:2: 1338 daAuts
     D:1: 1199 daAuts
